 Dungeon Crawl Stone Soup version 0.29.1-2-gbd0b4ee654 (webtiles) character file.

Game seed: 8744822707036535301

24828 unlimited1921 the Thaumaturge (level 13, -1/78 HPs)
             Began as a Djinni Fire Elementalist on Nov 2, 2022.
             Was a High Priest of Fedhas.
             Slain by an eight-headed hydra (4 damage)
             ... on level 2 of the Lair of Beasts.
             The game lasted 01:27:59 (25236 turns).

unlimited1921 the Thaumaturge (DjFE)               Turns: 25236, Time: 01:28:02

Health: -1/78      AC:  7    Str:  6    XL:     13   Next: 45%
Gold:   137        EV: 17    Int: 38    God:    Fedhas [*****.] SH:  7 Dex: 13

rFire   + + .      SeeInvis .   w - +10 falchion of the Pariah {vorpal, MP+9 Int+6}
rCold   x . .      Faith    .   u - +2 buckler {AC+3}
rNeg    . . .      Spirit   .   (no body armour)
rPois   ∞          Reflect  .   p - +2 hat
rElec   .          Harm     .   f - +0 cloak
rCorr   .          Rampage  .   B - +0 pair of gloves
Will    +....                   (boots unavailable)
Stlth   +++.......              (no amulet)
HPRegen 0.23/turn               e - +4 ring of evasion
MPRegen 0.00/turn               a - +6 ring of intelligence

@: forested, flying
A: sickness immunity, fire resistance 2, cold vulnerability 1, float, innate
caster, HP casting, extra vitality 1, horns 1, clever 1
a: Renounce Religion, Wall of Briars, Grow Ballistomycete, Overgrow, Grow Oklob


You were on level 2 of the Lair of Beasts.
You worshipped Fedhas.
Fedhas was extremely pleased with you.
You visited 3 branches of the dungeon, and saw 11 of its levels.
You also visited: Bailey.

You collected 605 gold pieces.
You spent 468 gold pieces at shops.

Inventory:

Hand Weapons
 h - a +2 hammer of draining
 k - the +5 long sword of Deghan {flame, *Rage Str+6 Dex+4}
   (You found it on level 2 of the Lair of Beasts)

   It burns those it strikes, dealing additional fire damage.
   Big, fiery blades are also staple armaments of hydra-hunters.
   Str:       It affects your strength (+6).
   Dex:       It affects your dexterity (+4).
   *Rage:     It berserks you when you make melee attacks (+20% chance).
 o - a +2 war axe of freezing
 w - the +10 falchion of the Pariah (weapon) {vorpal, MP+9 Int+6}
   (You found it on level 1 of the Lair of Beasts)

   It inflicts extra damage upon your enemies.
   Int:       It affects your intelligence (+6).
   MP:        It affects your magic capacity (+9).
 C - a +0 rapier of venom
Missiles
 s - 3 silver boomerangs
Armour
 f - a +0 cloak (worn)
 l - +0 ice dragon scales
 p - a +2 hat (worn)
 u - a +2 buckler of protection (worn)
 y - +0 acid dragon scales
 B - a +0 pair of gloves (worn)
 F - a +2 robe of cold resistance
Jewellery
 a - a +6 ring of intelligence (right hand)
 e - a +4 ring of evasion (left hand)
 E - a ring of ice
Wands
 L - a wand of paralysis (5) (quivered)
Scrolls
 b - a scroll of brand weapon {unknown}
 d - 3 scrolls of poison
 j - 2 scrolls of butterflies
 n - a scroll of blinking
 v - 2 scrolls of enchant weapon
 x - 3 scrolls of teleportation {unknown}
 A - 3 scrolls of fear {unknown}
 J - 2 scrolls of magic mapping {unknown}
 M - 2 scrolls of immolation {unknown}
Potions
 g - 2 potions of lignification
 i - 3 potions of haste
 m - 3 potions of flight {unknown}
 q - 3 potions of heal wounds {unknown}
 r - 5 potions of curing
 t - 2 potions of ambrosia {unknown}
 z - 2 potions of attraction {unknown}
 D - a potion of invisibility {unknown}
 G - 3 potions of cancellation {unknown}
 H - 2 potions of mutation
Miscellaneous
 c - a lightning rod (4/4)


   Skills:
 + Level 2.1 Fighting
 + Level 1.3 Long Blades
 + Level 0.1 Maces & Flails
 + Level 6.2 Armour
 + Level 4.9 Dodging
 + Level 5.0 Stealth
 + Level 5.6 Shields
 + Level 1.0 Unarmed Combat
 + Level 13.3 Spellcasting
 * Level 6.5 Invocations
 + Level 2.3 Evocations


You had 7 spell levels left.
You knew the following spells:

 Your Spells              Type           Power      Damage    Failure   Level
a - Foxfire               Conj/Fire      100%       2x1d9     0%          1
b - Scorch                Fire           100%       2d10      0%          2
c - Conjure Flame         Conj/Fire      91%        6-21      1%          3
d - Inner Flame           Hex/Fire       91%        N/A       1%          3
e - Flame Wave            Conj/Fire      91%        2d19      1%          4
f - Necrotise             Necr           100%       1d9       0%          1
g - Searing Ray           Conj           100%       2d8       0%          2
h - Blink                 Tloc           100%       N/A       0%          2
i - Corpse Rot            Necr/Pois/Air  91%        N/A       1%          4
j - Dispel Undead         Necr           91%        3d29      1%          4
k - Summon Forest         Summ/Tloc      45%        N/A       1%          5
Your spell library was empty.

Dungeon Overview and Level Annotations

Branches:
Dungeon (8/15)             Temple (1/1) D:7            Lair (2/5) D:8
 Bailey (visited)
  Swamp: Lair:2-3    Shoals: Lair:2-3     Snake: Lair:2-3    Spider: Lair:2-3

Altars:
Ashenzari
Cheibriados
Dithmenos
Elyvilon
Fedhas
Gozag
Hepliaklqana
Makhleb
Nemelex Xobeh
Qazlal
Ru
Trog
Uskayaw
Wu Jian
Xom
Yredelemnul
Zin
The Shining One

Shops:
D:4 =

Annotations:
D:8 1 runed translucent door, hawla's ghost, novice MeIE


Innate Abilities, Weirdness & Mutations

You are immune to sickness and miasma.
You are immune to poison.
Your flesh is very heat resistant. (rF++)
You are vulnerable to cold. (rC-)
You float through the air rather than walking.
You learn spells naturally, not from books.
Your magical power is your life essence.
You have superior vitality. (+4 MHP)
You have a pair of small horns on your head.
Your mind is acute. (Int +4, Str/Dex -1)


Message History

a +0 rapier; a +0 robe An eight-headed hydra comes into view.
Casting: Scorch (safe; 0% risk of failure)
Confirm with . or Enter, or press ? or * to list all spells.
The fire begins to smoulder!
The fire ignites!
Casting: Conjure Flame (safe; 1% risk of failure)
Confirm with . or Enter, or press ? or * to list all spells.
The fire begins to smoulder!
The fire ignites!
Casting: Conjure Flame (safe; 1% risk of failure)
Confirm with . or Enter, or press ? or * to list all spells.
A forested plane collides here with a resounding crunch!
Your dryad calls out to the forest.
The forest starts to sway and rumble!
Branches wave dangerously above you.
The eight-headed hydra attacks as you move away!
The eight-headed hydra bites you! x2; The eight-headed hydra misses you.
The eight-headed hydra bites you!
You block the eight-headed hydra's attack.
The eight-headed hydra bites you!
The eight-headed hydra completely misses you.
You block the eight-headed hydra's attack.
The eight-headed hydra is hit by a branch!
A root smacks the eight-headed hydra from below!!
Tree limbs sway around you.
The eight-headed hydra is hit by a branch!!
The eight-headed hydra attacks as you move away!
The eight-headed hydra completely misses you.
The eight-headed hydra closely misses you.
The eight-headed hydra bites you!
You block the eight-headed hydra's attack.
The eight-headed hydra bites you!
* * * LOW HITPOINT WARNING * * *
The eight-headed hydra barely misses you.
The eight-headed hydra bites you!
* * * LOW HITPOINT WARNING * * *
The eight-headed hydra bites you.
You die...
Fedhas appreciates your contribution to the ecosystem.

#...............#..
#...#...)....8^....
#....#.............
#.....#...8..<..8..
#......##..........
♣♣.......♣#...8...##
#..~~~...♣.#...[.##
#.≈≈~.....####.#.###
#.~@~~...♣##.....##.
#.♣D.~...#♣#.....###
♣..R......♣.8.<.8###
.♣...♣....♣........##
.#....).....##.8.#.##
.♣♣...)....#.##.##...
D♣........#####..###.
.♣♣.......♣ #.## ##
♣♣♣##.#.♣.#♣.#.#####..#


You could see an eight-headed hydra (ally target) and a friendly dryad
(summoned).

Vanquished Creatures
  Fannar (Lair:2)
  A hydra (Lair:2)
  Erica (D:8)
  Pikel (D:8)
  3 orc knights (Bailey)
  5 cane toads
  A rime drake (Lair:2)
  Maggie (D:6)
  2 komodo dragons
  A polar bear (Lair:1)
  14 blink frogs
  Sigmund (D:2)
  A spriggan (Lair:2)
  15 yaks
  Grum (D:8)
  A warg (Lair:1)
  3 water moccasins
  13 orc warriors
  4 ice beasts
  3 ogres
  15 wolves
  3 centaurs
  2 kobold brigands (D:6)
  3 scorpions
  6 bullfrogs
  A necrophage (D:6)
  8 wights
  A vampire bat (D:5)
  3 howler monkeys
  3 hounds
  2 jellies (D:6)
  5 orc priests
  Crazy Yiuf (D:7)
  2 iguanas (D:6)
  Ijyb (D:3)
  5 orc wizards
  6 hell rats (Lair:2)
  A statue (D:5)
  5 adders
  14 white imps
  An ufetubus (D:4)
  2 worms
  3 dart slugs
  44 orcs
  8 endoplasms
  3 giant cockroaches
  5 goblins
  8 hobgoblins
  10 jackals
  16 kobolds
  2 quokkas
  6 ball pythons
  15 bats
  5 frilled lizards
  3 rats
291 creatures vanquished.

Vanquished Creatures (collateral kills)
  A blink frog (Lair:2)
1 creature vanquished.

Vanquished Creatures (others)
  901 foxfires
  13 fungi
  20 plants
934 creatures vanquished.

Grand Total: 1226 creatures vanquished

Notes
Turn   | Place    | Note
-------+----------+-------------------------------------------
     0 | D:1      | unlimited1921 the Djinni Fire Elementalist began the quest
                  | for the Orb.
     0 | D:1      | unlimited1921 set off with the following spells memorised:
                  | Foxfire, Scorch, Conjure Flame, Inner Flame, Flame Wave.
     0 | D:1      | Reached XP level 1. HP: 15/15 MP: 0/0
   252 | D:1      | Reached XP level 2. HP: 7/21 MP: 0/0
  1861 | D:1      | Reached skill level 3 in Spellcasting
  2010 | D:1      | Reached XP level 3. HP: 22/25 MP: 0/0
  2010 | D:1      | Learned a level 1 spell: Necrotise
  3665 | D:2      | Reached XP level 4. HP: 28/31 MP: 0/0
  3742 | D:2      | Found a faded altar of an unknown god.
  4304 | D:2      | Found a hide-covered altar of Uskayaw.
  4435 | D:2      | Noticed Sigmund
  5087 | D:2      | Gained mutation: You have hidden genetic potential. [potion
                  | of mutation]
  5090 | D:2      | Killed Sigmund
  5091 | D:2      | Reached skill level 4 in Spellcasting
  5091 | D:2      | Reached XP level 5. HP: 25/35 MP: 0/0
  5091 | D:2      | Learned a level 2 spell: Searing Ray
  5091 | D:2      | Reached XP level 6. HP: 29/40 MP: 0/0
  5104 | D:2      | Gained mutation: You have a pair of small horns on your
                  | head. [hidden potential]
  5857 | D:3      | Found an ornate altar of the Wu Jian Council.
  7057 | D:3      | Reached skill level 5 in Spellcasting
  7618 | D:3      | Noticed Ijyb
  7644 | D:3      | Killed Ijyb
  7645 | D:3      | Reached XP level 7. HP: 12/45 MP: 0/0
  7645 | D:3      | Learned a level 2 spell: Blink
  8247 | D:4      | Found a glowing golden altar of the Shining One.
  8262 | D:4      | Gained mutation: Your mind is acute. (Int +4, Str/Dex -1)
                  | [hidden potential]
  8262 | D:4      | Lost mutation: You have hidden genetic potential. [hidden
                  | potential expressed]
  8352 | D:4      | Found a snail-covered altar of Cheibriados.
  9224 | D:4      | Found Pust's Jewellery Boutique.
  9452 | D:5      | Entered Level 5 of the Dungeon
  9500 | D:5      | Found a shimmering altar of Xom.
  9755 | D:5      | You are sucked into a shaft and drop 2 floors!
  9755 | D:7      | Found the +6 shillelagh "Devastator" {shatter}
  9756 | D:7      | Found a runed translucent door.
  9757 | D:7      | Noticed Crazy Yiuf
  9768 | D:7      | Killed Crazy Yiuf
  9887 | D:7      | Found a staircase to the Ecumenical Temple.
  9896 | Temple   | Entered the Ecumenical Temple
  9897 | Temple   | HP: 2/45 [orc warrior/+0 short sword (10)]
 10246 | Temple   | Became a worshipper of Fedhas Madash
 10276 | Temple   | Reached skill level 6 in Spellcasting
 10276 | Temple   | Reached XP level 8. HP: 36/50 MP: 0/0
 10688 | Temple   | Reached skill level 1 in Unarmed Combat
 11040 | D:7      | Reached skill level 1 in Evocations
 11264 | D:7      | Reached skill level 1 in Armour
 11512 | D:7      | Found an opulent altar of Gozag.
 11579 | D:7      | Reached XP level 9. HP: 51/56 MP: 0/0
 11579 | D:7      | Learned a level 4 spell: Corpse Rot
 12048 | D:6      | Reached skill level 7 in Spellcasting
 12055 | D:6      | Reached * piety under Fedhas
 12247 | D:6      | Noticed Maggie
 12255 | D:6      | Killed Maggie
 12482 | D:6      | Found a stormy altar of Qazlal.
 12497 | D:6      | Reached skill level 8 in Spellcasting
 13947 | D:6      | Reached skill level 9 in Spellcasting
 14727 | D:5      | Reached ** piety under Fedhas
 14728 | D:5      | Reached XP level 10. HP: 55/61 MP: 0/0
 16112 | D:5      | Found a white marble altar of Elyvilon.
 16693 | D:8      | Found a flagged portal.
 16724 | Bailey   | Entered a bailey
 17342 | Bailey   | Reached *** piety under Fedhas
 17472 | Bailey   | Reached skill level 10 in Spellcasting
 17784 | Bailey   | Noticed an orc knight
 17797 | Bailey   | Killed an orc knight
 17799 | Bailey   | Noticed an orc knight
 17808 | Bailey   | Killed an orc knight
 17809 | Bailey   | Reached skill level 1 in Shields
 18060 | Bailey   | Noticed an orc knight
 18079 | Bailey   | Killed an orc knight
 18080 | Bailey   | Reached skill level 11 in Spellcasting
 18080 | Bailey   | Reached XP level 11. HP: 32/66 MP: 0/0
 18080 | Bailey   | Learned a level 4 spell: Dispel Undead
 18300 | D:8      | Found a staircase to the Lair.
 18310 | D:8      | Noticed Pikel
 18315 | D:8      | Killed Pikel
 18420 | D:8      | Noticed Grum
 18425 | D:8      | Killed Grum
 18826 | D:8      | Found a shimmering altar of Xom.
 18826 | D:8      | Noticed hawla's ghost (novice MeIE)
 18890 | D:8      | Found a runed translucent door.
 18892 | D:8      | Noticed a +0 rapier of chaos
 19040 | D:8      | Noticed Erica
 19045 | D:8      | Killed Erica
 19168 | D:8      | Found a basalt altar of Yredelemnul.
 19252 | Lair:1   | Entered Level 1 of the Lair of Beasts
 19827 | Lair:1   | Reached skill level 1 in Invocations
 19850 | Lair:1   | Reached skill level 12 in Spellcasting
 20579 | Lair:1   | Identified the +10 falchion of the Pariah {vorpal, MP+9
                  | Int+6}
 20589 | Lair:1   | Reached skill level 5 in Armour
 20589 | Lair:1   | Reached skill level 5 in Shields
 20589 | Lair:1   | Reached XP level 12. HP: 71/71 MP: 0/0
 20600 | Lair:1   | Reached **** piety under Fedhas
 21766 | D:4      | Bought a +6 ring of intelligence for 468 gold pieces
 21906 | Lair:2   | Reached skill level 5 in Invocations
 21913 | Lair:2   | Noticed Fannar
 22594 | Lair:2   | Reached XP level 13. HP: 57/76 MP: 0/0
 22594 | Lair:2   | Learned a level 5 spell: Summon Forest
 22598 | Lair:2   | Reached skill level 1 in Fighting
 22598 | Lair:2   | Reached skill level 5 in Stealth
 23140 | Lair:2   | Reached skill level 13 in Spellcasting
 23657 | Lair:2   | Reached ***** piety under Fedhas
 23683 | Lair:2   | Noticed an eight-headed hydra
 23688 | Lair:2   | Killed an eight-headed hydra
 24036 | Lair:2   | Reached skill level 1 in Long Blades
 24472 | Lair:2   | Identified the +5 long sword of Deghan {flame, *Rage Str+6
                  | Dex+4}
 24866 | Lair:2   | Killed Fannar
 25210 | Lair:2   | Noticed an eight-headed hydra
 25236 | Lair:2   | HP: 3/78 [eight-headed hydra (9)]
 25236 | Lair:2   | Slain by an eight-headed hydra

Illustrated notes

Levels and vault maps discovered:
D:1:      heliophobic_arrival_enchanted_forest, layout_rooms, hex_medium
D:2:      layout_basic, basic_altar, hellmonk_ecumenical_altar_inner_sanctum,
          uniq_sigmund
D:3:      cheibrodos_pilgrimage, layout_basic, mainiacjoe_overflow_24_doors,
          uniq_ijyb
D:4:      layout_rooms, grunt_temple_overflow_open,
          minmay_shop_enchanted_jewellery, minmay_fountain_box
D:5:      layout_loops_ring, vehumet_statue, lemuel_round_altar,
          lemuel_doored_altar, roderic_batcave
D:6:      layout_basic, mainiacjoe_overflow_tiny_flanked,
          kennysheep_minor_cross, minmay_misc_feat_rugged, uniq_maggie
D:7:      layout_cave_pools, marbit_many_paths,
          minmay_temple_entry_drinking_statues, serial_bayou_pond_d,
          corexii_checkpoint_a, chequers_serial_rivers_large_a,
          uniq_crazy_yiuf_cottage
D:8:      layout_cave_pools, gammafunk_temple_overflow_elements,
          lair_entry_dummy, serial_glass, glass_columns_a, glass_columns_a,
          glass_columns_b, glass_columns_c, glass_columns_a, glass_columns_a,
          glass_columns_a, glass_columns_a, enter_bailey_2, ebering_ghost_xom,
          uniq_grum, uniq_erica, uniq_pikel
Temple:   nicolae_temple_ecumenical_triangle
Lair:1:   beast_lair_carwin_large_2, layout_long_grid
Lair:2:   wad_woods_04, layout_small_grid, portal_ice_cave_entry_imps,
          infiniplex_staircase_pool_2, grunt_megastairs_3, uniq_fannar

Skill      XL: |  1  2  3  4  5  6  7  8  9 10 11 12 13 |
---------------+----------------------------------------+-----
Spellcasting   | 3 4 5 6 9 11 12 13 | 13.3
Stealth        | 2 3 4 5 |  5.0
Unarmed Combat | 1 |  1.0
Evocations     | 2 |  2.3
Armour         | 2 3 4 5 6 |  6.2
Shields        | 1 5 |  5.6
Invocations    | 4 5 6 |  6.5
Dodging        | 4 |  4.9
Fighting       | 2 |  2.1
Long Blades    | 1 |  1.3
Maces & Flails | |  0.1

Action                   |  1- 3 |  4- 6 |  7- 9 | 10-12 | 13-15 || total
-------------------------+-------+-------+-------+-------+-------++-------
Melee: Unarmed           |       |     3 |    19 |       |       ||    22
       Headbutt          |       |     2 |     1 |     1 |     3 ||     7
       Mace              |       |       |     1 |       |       ||     1
       Falchion          |       |       |       |     4 |    16 ||    20
 Cast: Foxfire           |    80 |    43 |   152 |   204 |    54 ||   533
       Scorch            |     3 |    21 |    45 |    52 |    27 ||   148
       Inner Flame       |       |     8 |    38 |    52 |     7 ||   105
       Flame Wave        |       |       |     2 |     7 |     9 ||    18
       Conjure Flame     |       |       |     1 |     4 |     2 ||     7
       Corpse Rot        |       |       |     2 |     1 |       ||     3
       Summon Forest     |       |       |       |       |     3 ||     3
Evoke: Wand              |       |       |     4 |       |     6 ||    10
  Use: Potion            |       |     2 |     1 |     1 |       ||     4
       Scroll            |       |       |     8 |     5 |       ||    13
 Stab: Sleeping          |       |     1 |     1 |       |       ||     2
Armor: Robe              |       |     1 |     2 |       |       ||     3
       Leather armour    |       |       |     5 |       |       ||     5
       Acid dragon scale |       |       |     3 |    11 |    19 ||    33
       Ice dragon scales |       |       |       |       |     8 ||     8
Dodge: Dodged            |     2 |    12 |    44 |    42 |    43 ||   143
Block: Buckler           |       |       |     4 |    19 |    33 ||    56
